AoeStats
← bumbsbomba74

Arabia

503274263Analyzed
1v1 RM · 1mo ago on Aug 30, 2026· 23m 54s· 2 players
Game mode
Random Map
Map size
Tiny (2 player)
Population
200
Speed
Normal
Resources
Standard
Victory
Conquest
Starting age
Dark Age
Ending age
Imperial Age
RankedLock teamsTeams togetherTeam positionsShared explorationLock speedFull tech treeHidden civsTurbo modeCheats
Victory
Defeat
🇩🇪 Khmer · Germany
1360
+18
🇨🇴 Vietnamese · Colombia
1401
-18
bumbsbomba74
6:18 Loom
8:52 Feudal Age
9:34 Double-Bit Axe
15:40 Fletching
20:24 Castle Age
18:20 Horse Collar
19:03 Gold Mining
21:05 Bodkin Arrow
20:32 Crossbowman
22:06 Bow Saw
24:07 Scale Barding Armor
lukardo
6:13 Loom
8:47 Feudal Age
10:26 Double-Bit Axe
12:48 Fletching
18:24 Padded Archer Armor
22:52 Castle Age
21:48 Horse Collar
22:01 Gold Mining
23:30 Bodkin Arrow
23:03 Crossbowman
Connection lost

Rejoining the realm…

Still unreachable

The connection could not be restored.

Session expired

The server has moved on; the page needs a fresh start.